 Dungeon Crawl Stone Soup version 0.30-a0-329-g85436e0a43 (webtiles) character file.

Game seed: 6292508668003355758

1346 greasedhog the Chopper (level 8, -2/68 HPs)
             Began as a Minotaur Fighter on Oct 29, 2022.
             Succumbed to their own poison gas
             ... on level 6 of the Dungeon.
             The game lasted 00:05:53 (4637 turns).

greasedhog the Chopper (Minotaur Fighter)           Turns: 4637, Time: 00:05:54

Health: -2/68      AC:  8    Str: 20    XL:     8   Next: 36%
Magic:  7/7        EV: 11    Int:  7    God:
Gold:   301        SH:  5    Dex: 11    Spells: 7/7 levels left

rFire   + . .      SeeInvis .    y - +2 hand axe (vorpal)
rCold   . . .      Faith    .    c - +0 buckler
rNeg    . . .      Spirit   .    b - +0 scale mail
rPois   .          Reflect  .    (helmet restricted)
rElec   .          Harm     .    (no cloak)
rCorr   .          Rampage  .    m - +0 pair of gloves
Will    .....                    (no boots)
Stlth   ..........               (no amulet)
HPRegen 0.31/turn                h - ring of protection from fire
MPRegen 0.10/turn                (no ring)

@: mighty, lethally poisoned (-2 -> -32)
A: horns 2, retaliatory headbutt
a: no special abilities


You were on level 6 of the Dungeon.
You visited 1 branch of the dungeon, and saw 6 of its levels.

You collected 301 gold pieces.

Inventory:

Hand Weapons
 y - a +2 vorpal hand axe (weapon)
Armour
 b - a +0 scale mail (worn)
 c - a +0 buckler (worn)
 m - a +0 pair of gloves (worn)
Jewellery
 h - a ring of protection from fire (left hand)
Wands
 l - a wand of paralysis (9)
Scrolls
 a - a scroll of acquirement {unknown}
 g - a scroll of enchant armour
 o - a scroll of silence {unknown}
 p - a scroll of magic mapping {unknown}
 q - 3 scrolls of blinking {unknown}
 s - a scroll of fog {unknown}
 t - a scroll of immolation {unknown}
Potions
 e - 3 potions of invisibility {unknown}
 f - 2 potions of flight {unknown}
 i - 3 potions of curing
 j - 3 potions of heal wounds {unknown}
 k - 3 potions of magic {unknown}
 n - a potion of resistance {unknown}
 r - 2 potions of cancellation {unknown}
 v - a potion of brilliance {unknown}
 w - a potion of degeneration {unknown}
 x - a potion of ambrosia {unknown}
 z - a potion of mutation {unknown}


   Skills:
 - Level 5.1 Fighting
 * Level 7.5 Axes
 - Level 6.0 Armour
 * Level 4.6 Dodging
 + Level 6.1 Shields
 + Level 2.0 Evocations


You had 7 spell levels left.
You didn't know any spells.
Your spell library contained the following spells:

 Spells                   Type           Power      Damage    Failure   Level
 Magic Dart               Conj           0%         1d3       83%         1
 Call Imp                 Summ           0%         N/A       93%         2
 Mephitic Cloud           Conj/Pois/Air  0%         N/A       99%         3


Dungeon Overview and Level Annotations

Branches:
Dungeon (6/15)
 Temple: D:4-7

Altars:
Gozag
Qazlal
Uskayaw
Yredelemnul
The Shining One

Annotations:
D:6 Sigmund


Innate Abilities, Weirdness & Mutations

You have a pair of horns on your head.
You reflexively headbutt those who attack you in melee.


Message History

The orc wizard mumbles some strange words.
The orc wizard flickers and vanishes!
Deactivating autopickup; reactivate with Ctrl-A.
You closely miss something. Something hits you but does no damage.
You are poisoned.
Unknown command.
You bump into the rock wall.
You feel sick.
You hear some strange, mumbled words.
A magic dart appears from out of thin air!
The magic dart hits you but does no damage.
Something hits you.
You feel sick.
A magic dart appears from out of thin air!
The magic dart hits you.
You bump into the rock wall.
You feel sick.
You miss something.
You feel less confused.
You feel sick. Something hits you but does no damage.
You are more poisoned.
You hit something.
Reactivating autopickup.
You feel a bit more experienced.
You feel very sick.
You slash the orc!
You kill the orc!
You feel sick.
The orc priest miscasts a cantrip.
Really read the scroll of poison?
The air fills with toxic fumes!
As you read the scroll of poison, it crumbles to dust.
You feel sick.
The orc priest looks encouraged for a moment.
Really walk into that cloud of poison gas?
You are engulfed in poison gas.
You are more poisoned.
* * * LOW HITPOINT WARNING * * *
x2 You feel very sick.
You are engulfed in poison gas.
You are more poisoned.
* * * LOW HITPOINT WARNING * * *
You die...

.#...#....# #.............
.#........+ +.....§§......
.#........###.....o@......
.#.#........#.....oo......
.#.#.#.####.######o#####+#
.#.#.#.# #§# .#.#.#.. #§#
## #.#############.# .
#.......§§§§§@§§# #
#################


There were no monsters in sight!

Vanquished Creatures
  Pikel (D:4)
  2 black bears (D:5)
  An ice beast (D:5)
  A phantom (D:5)
  3 scorpions
  A necrophage (D:5)
  2 hounds (D:5)
  3 iguanas
  2 orc wizards (D:6)
  7 adders
  2 worms
  5 dart slugs
  13 orcs
  8 bats
  6 endoplasms
  2 giant cockroaches (D:1)
  6 goblins
  7 hobgoblins
  5 jackals (D:1)
  6 kobolds
  3 quokkas
  7 ball pythons
  A frilled lizard (D:3)
  4 rats
98 creatures vanquished.

Notes
Turn   | Place    | Note
-------+----------+-------------------------------------------
     0 | D:1      | greasedhog the Minotaur Fighter began the quest for the
                  | Orb.
     0 | D:1      | Reached XP level 1. HP: 19/19 MP: 0/0
   116 | D:1      | Reached XP level 2. HP: 27/27 MP: 1/1
   585 | D:1      | Reached skill level 3 in Axes
   700 | D:1      | Reached XP level 3. HP: 33/33 MP: 2/2
  1045 | D:2      | Found Teetz's General Store.
  1084 | D:2      | You fall into a shaft and drop 2 floors!
  1168 | D:4      | HP: 1/33 [iguana (9)]
  1172 | D:4      | Reached XP level 4. HP: 3/41 MP: 3/3
  1498 | D:4      | Noticed a scorpion
  1504 | D:4      | Killed a scorpion
  1505 | D:4      | Reached skill level 5 in Fighting
  1505 | D:4      | Reached skill level 4 in Axes
  1505 | D:4      | Reached XP level 5. HP: 42/48 MP: 4/4
  1956 | D:4      | Noticed a lemure
  1956 | D:4      | Noticed a lemure
  2020 | D:3      | Found a faded altar of an unknown god.
  3179 | D:4      | Noticed Pikel
  3179 | D:4      | Noticed a lemure
  3179 | D:4      | Noticed a lemure
  3201 | D:4      | Killed Pikel
  3202 | D:4      | Reached skill level 5 in Axes
  3202 | D:4      | Reached skill level 5 in Shields
  3202 | D:4      | Reached XP level 6. HP: 35/56 MP: 5/5
  3202 | D:4      | Reached XP level 7. HP: 38/61 MP: 6/6
  3434 | D:5      | Entered Level 5 of the Dungeon
  3438 | D:5      | Identified the +12 rapier of the Several Ziggurats {flame,
                  | rF++}
  3455 | D:5      | Reached skill level 6 in Axes
  3803 | D:5      | Reached skill level 1 in Evocations
  3891 | D:5      | Reached XP level 8. HP: 42/68 MP: 7/7
  4050 | D:5      | Found a basalt altar of Yredelemnul.
  4171 | D:5      | Reached skill level 7 in Axes
  4472 | D:6      | Found a glowing golden altar of the Shining One.
  4482 | D:6      | Found a stormy altar of Qazlal.
  4482 | D:6      | Found a hide-covered altar of Uskayaw.
  4485 | D:6      | Found an opulent altar of Gozag.
  4612 | D:6      | Noticed Sigmund
  4637 | D:6      | Succumbed to their own poison gas

Illustrated notes

Levels and vault maps discovered:
D:1:      dpeg_arrival_stone_temple_mockup, layout_basic, serial_curves,
          eino_curves_01, eino_curves_04, minmay_misc_feat_cross,
          minmay_misc_feat_doors
D:2:      layout_basic, serial_shops, shop
D:3:      layout_basic, shapermc_ecumenical_altar_acropolis, serial_rivers,
          chequers_serial_rivers_large_b, chequers_serial_rivers_large_a,
          chequers_serial_rivers_micro_e, chequers_serial_rivers_small_b,
          chequers_serial_rivers_small_3
D:4:      layout_basic, uniq_pikel
D:5:      wander_river, layout_basic, mainiacjoe_overflow_six_doors_small,
          kennysheep_generic_room_8
D:6:      layout_basic, xom_butterflies, grunt_temple_overflow_open,
          minmay_temple_entry_enclosed_plants, chequers_serial_rivers_micro_d,
          grunt_ministairs_6, uniq_duvessa, uniq_eustachio, uniq_sigmund

Skill      XL: |  1  2  3  4  5  6  7  8 |
---------------+-------------------------+-----
Fighting       | 4 5 |  5.1
Axes           | 3 4 5 6 7 |  7.5
Armour         | 4 6 |  6.0
Shields        | 4 5 6 |  6.1
Dodging        | 2 3 4 |  4.6
Evocations     | 1 2 |  2.0

Action                   |  1- 3 |  4- 6 |  7- 9 || total
-------------------------+-------+-------+-------++-------
Melee: War axe           |    74 |    69 |    78 ||   221
       Headbutt          |     8 |     8 |    19 ||    35
       Hand axe          |       |       |    17 ||    17
  Use: Scroll            |     4 |     2 |     1 ||     7
       Potion            |       |     2 |     1 ||     3
Armor: Scale mail        |    31 |    24 |    47 ||   102
Dodge: Dodged            |    38 |    26 |    44 ||   108
Block: Buckler           |    22 |    18 |    14 ||    54

Table legend: (Time is in decaauts)
 A = Elapsed time spent in this place.
 B = Non-inter-level travel time spent in this place.
 C = Inter-level travel time spent in this place.
 D = Time resting spent in this place.
 E = Time spent auto-exploring this place.
 F = Levels seen in this place.
 G = Mean time per level.
                   A        B        C        D        E       F      G
               +--------+--------+--------+--------+--------+-----+--------+
         Total |   4808 |   4605 |    203 |    242 |   3659 |   6 |  801.3 |
       Dungeon |   4808 |   4605 |    203 |    242 |   3659 |   6 |  801.3 |
               +--------+--------+--------+--------+--------+-----+--------+

Top non-repeatable levels by time:
     D:4: 1218 daAuts
     D:5: 1031 daAuts
     D:3: 842 daAuts
     D:1: 774 daAuts
     D:2: 729 daAuts
     D:6: 212 daAuts
